 Dungeon Crawl Stone Soup version 0.24.0-2-g5b39cebb1c (webtiles) character file.

Game seed: 9409936488589164874, levelgen mode: deterministic

420 MTVSty1e the Cleaver (level 6, -5/76 HPs)
             Began as a Minotaur Monk on Oct 29, 2019.
             Slain by an ogre
             ... wielding a +0 giant spiked club
              (23 damage)
             ... on level 4 of the Dungeon.
             The game lasted 00:03:43 (2735 turns).

MTVSty1e the Cleaver (Minotaur Monk)                Turns: 2735, Time: 00:03:44

Health: -5/76      AC:  8    Str: 22    XL:     6   Next: 62%
Magic:  5/5        EV:  9    Int:  7    God:
Gold:   126        SH:  4    Dex: 13    Spells: 5/5 levels left

rFire    + . .     SeeInvis .   a - +0 hand axe
rCold    x . .     Gourm    .   (no shield)
rNeg     . . .     Faith    .   g - +0 chain mail
rPois    .         Spirit   .   (helmet restricted)
rElec    .         Reflect  +   (no cloak)
rCorr    .         Harm     .   (no gloves)
MR       .....                  (no boots)
Stlth    ..........             k - +4 amulet of reflection
HPRegen  0.22/turn              m - ring of fire
MPRegen  0.09/turn              d - ring of stealth

@: berserking, very quick
A: retaliatory headbutt, horns 2
a: no special abilities


You were on level 4 of the Dungeon.
You were near starving.

You visited 1 branch of the dungeon, and saw 4 of its levels.

You collected 126 gold pieces.

Inventory:

Hand Weapons
 a - a +0 hand axe (weapon)
Armour
 b - a +0 robe
 g - a +0 chain mail (worn)
Jewellery
 d - a ring of stealth (right hand)
 k - a +4 amulet of reflection (around neck)
 m - a ring of fire (left hand)
Wands
 n - a wand of acid (5)
Scrolls
 e - a scroll of identify
 f - a scroll of teleportation
 i - a scroll of blinking {unknown}
Potions
 h - a potion of mutation {unknown}
 j - 2 potions of ambrosia {unknown}
 l - a potion of curing {unknown}
Comestibles
 c - 7 rations


   Skills:
 - Level 3.6 Fighting
 + Level 9.1 Axes
 - Level 3.2 Dodging
 - Level 1.5 Stealth


You had 5 spell levels left.
You didn't know any spells.
Your spell library was empty.

Dungeon Overview and Level Annotations

Branches:
Dungeon (4/15)
 Temple: D:4-7

Altars:
Okawaru
Vehumet


Innate Abilities, Weirdness & Mutations

You reflexively headbutt those who attack you in melee.
You have a pair of horns on your head.


Message History

The ogre is moderately wounded.
Your chain mail prevents you from hitting the ogre.
You headbutt the ogre.
The ogre is moderately wounded.
You block the ogre's attack.
You hit the ogre. You headbutt the ogre.
The ogre is severely wounded.
The ogre hits you with a +0 giant club.
You hit the ogre but do no damage. Your headbutt misses the ogre.
The ogre is severely wounded.
You hit the ogre.
The ogre is almost dead.
The ogre hits you with a +0 giant club!
You are too injured to fight recklessly!
A red film seems to cover your vision as you go berserk!
You feel yourself moving faster!
You feel mighty! The ogre hits you with a +0 giant club!
* * * LOW HITPOINT WARNING * * *
The ogre hits you with a +0 giant spiked club!!
You die...

## #..
#########.#
#.........#
#..<......#
#.........#
#.........#
.##.....O...#
........@....#
...##.....O...#
.. #.........#
. #.........#
#..........#
......=.....+
.............#
.............#


You could see 2 ogres.

Vanquished Creatures
  A phantom (D:3)
  A hound (D:2)
  2 orc wizards (D:3)
  Natasha (thrice) (D:2)
  Robin (D:2)
  5 adders
  A worm (D:2)
  2 dart slugs (D:2)
  4 leopard geckos
  8 orcs (D:3)
  8 giant cockroaches
  19 goblins
  9 hobgoblins
  12 jackals
  8 bats
  4 frilled lizards
  2 kobolds (D:3)
  8 rats
98 creatures vanquished.

Notes
Turn   | Place    | Note
-------+----------+-------------------------------------------
     0 | D:1      | MTVSty1e the Minotaur Monk began the quest for the Orb.
     0 | D:1      | Reached XP level 1. HP: 19/19 MP: 0/0
    44 | D:1      | Reached skill level 4 in Axes
    73 | D:1      | Reached XP level 2. HP: 22/26 MP: 1/1
   381 | D:1      | Reached skill level 5 in Axes
   403 | D:1      | Reached XP level 3. HP: 30/31 MP: 2/2
  1139 | D:2      | Reached skill level 6 in Axes
  1139 | D:2      | Reached XP level 4. HP: 30/39 MP: 3/3
  1170 | D:2      | Noticed Natasha
  1175 | D:2      | Killed Natasha
  1271 | D:2      | Noticed Robin
  1277 | D:2      | Reached XP level 5. HP: 42/45 MP: 4/4
  1282 | D:2      | Noticed Natasha
  1287 | D:2      | Killed Robin
  1287 | D:2      | Reached skill level 7 in Axes
  1465 | D:3      | Noticed a phantom
  1484 | D:3      | Killed a phantom
  1673 | D:3      | Reached skill level 8 in Axes
  1805 | D:3      | Found an iron altar of Okawaru.
  1821 | D:3      | Reached XP level 6. HP: 51/51 MP: 5/5
  1898 | D:2      | Killed Natasha
  2072 | D:2      | Noticed Natasha
  2083 | D:2      | Killed Natasha
  2169 | D:3      | Reached skill level 9 in Axes
  2297 | D:3      | Found a radiant altar of Vehumet.
  2735 | D:4      | Slain by an ogre

Levels and vault maps discovered:
D:1:      lightli_arrival_boilingwater, layout_basic
D:2:      layout_rooms, uniq_natasha, uniq_robin
D:3:      layout_loops_ring, vehumet_crystals, okawaru_trees_2
D:4:      layout_basic, first_ration, ebering_ghost_rock_garden,
          uniq_blork_the_orc, uniq_ijyb

Skill      XL: |  1  2  3  4  5  6 |
---------------+-------------------+-----
Axes           | 4 5 6 8 9 |  9.1
Fighting       | |  3.6
Dodging        | |  3.2
Stealth        | |  1.5

Action                   |  1- 3 |  4- 6 || total
-------------------------+-------+-------++-------
Melee: Hand axe          |    95 |   167 ||   262
       Headbutt          |    15 |    22 ||    37
  Use: Scroll            |       |     2 ||     2
       Potion            |       |     2 ||     2
  Eat: Chunk             |       |     1 ||     1
       Ration            |       |     1 ||     1
Armor: Chain mail        |    37 |    68 ||   105
       Robe              |     1 |       ||     1
Dodge: Dodged            |    46 |    62 ||   108
Block: Other             |       |    18 ||    18
